 Dungeon Crawl Stone Soup version 0.29.0-4-gdea44cf6ec (webtiles) character file.

Game seed: 2020447098521598747

86 qw the Ruffian (level 4, -13/35 HPs)
             Began as a Ghoul Fire Elementalist on Aug 29, 2022.
             Mangled by an ogre
             ... wielding a +0 giant spiked club
              (36 damage)
             ... on level 3 of the Dungeon.
             The game lasted 00:02:33 (2955 turns).

qw the Ruffian (Ghoul Fire Elementalist)            Turns: 2955, Time: 00:02:34

Health: -13/35     AC: 10    Str: 13    XL:     4   Next: 49%
Magic:  5/5        EV:  6    Int: 10    God:
Gold:   114        SH:  0    Dex:  9    Spells: 5/6 levels left

rFire   . . .      SeeInvis +     - Unarmed
rCold   + . .      Faith    .   (no shield)
rNeg    + + +      Spirit   .   c - +0 chain mail
rPois   inf        Reflect  .   e - +1 helmet {SInv}
rElec   .          Harm     .   (no cloak)
rCorr   .          Rampage  .   (no gloves)
Will    .....                   (no boots)
Stlth   ..........              (no amulet)
HPRegen 0.00/turn               (no ring)
MPRegen 0.09/turn               (no ring)

@: inhibited regen
A: claws 1, cold resistance 1, negative energy resistance 3, inhibited
regeneration, torment resistance 2, devour on kill
a: no special abilities


You were on level 3 of the Dungeon.
You visited 1 branch of the dungeon, and saw 3 of its levels.

You collected 114 gold pieces.


Innate Abilities, Weirdness & Mutations

You are immune to poison.
You have sharp fingernails.
Your flesh is cold resistant. (rC+)
You are immune to negative energy. (rN+++)
You do not regenerate when monsters are visible.
You are immune to unholy pain and torment.
You thrive by killing the living.


   Skills:
 - Level 1.0 Fighting
 - Level 1.0 Armour
 - Level 1.7 Dodging
 - Level 2.1 Stealth
 + Level 3.8 Unarmed Combat
 - Level 1.7 Spellcasting
 - Level 0.7 Conjurations
 - Level 2.4 Fire Magic


You had 5 spell levels left.
You knew the following spells:

 Your Spells              Type           Power      Damage    Failure   Level
a - Foxfire               Conj/Fire      16%        2x1d4     99%         1

Your spell library contained the following spells:

 Spells                   Type           Power      Damage    Failure   Level
 Scorch                   Fire           10%        2d6       99%         2
 Conjure Flame            Conj/Fire      4%         6-21      100%        3
 Inner Flame              Hex/Fire       3%         N/A       100%        3
 Flame Wave               Conj/Fire      4%         2d5       100%        4

Inventory:

Armour
 c - a +0 chain mail (worn)
 d - the +1 helmet of the Dwarven Hall {Will+ Int+4 Dex+3 Slay-2}
   (You acquired it on level 2 of the Dungeon)

   Int:       It affects your intelligence (+4).
   Dex:       It affects your dexterity (+3).
   Slay:      It affects your accuracy & damage with ranged weapons and melee
   (-2).
   Will:      It increases your willpower.
 e - a +1 helmet of see invisible (worn)
 h - a +0 plate armour
Jewellery
 a - a ring of fire
Potions
 b - a potion of ambrosia {unknown}
 f - 3 potions of curing {unknown}
 g - a potion of heal wounds

Dungeon Overview and Level Annotations

Branches:
Dungeon (3/15)

Altars:


Message History

The dart slug is severely wounded.
The dart slug launches a dart at you.
The slug dart hits you but does no damage.
You claw the dart slug!
You kill the dart slug!
Found a stone staircase leading up.
Enter note:
Enter note:
Enter note: A giant cockroach comes into view.
Found a golden potion.
You barely miss the giant cockroach.
The giant cockroach bites you but does no damage.
You scratch the giant cockroach.
You kill the giant cockroach!
You see here a giant cockroach corpse.
You now have 114 gold pieces (gained 11).
f - 3 golden potions (gained 1)
You open the door.
Found a robe.
There is a stone staircase leading up here.
As you open the door, it creaks loudly!
You hear a shout!
An ogre comes into view. It is wielding a +0 giant spiked club.
You claw the ogre!
The ogre is moderately wounded.
The ogre hits you with a +0 giant spiked club!
You scratch the ogre.
The ogre is heavily wounded.
The ogre hits you with a +0 giant spiked club!
2953 ||| DRINKING 3 potions of heal wounds.
You feel much better.
You scratch the ogre but do no damage.
The ogre is heavily wounded.
The ogre hits you with a +0 giant spiked club!!
Ouch! That really hurt!
2955 ||| DRINKING 2 potions of heal wounds.
You feel much better.
The ogre hits you with a +0 giant spiked club!!!
Ouch! That really hurt!
You die...

......%...................#
#####.#....#..........#####
.........#.#..........#
####.>.###.#.........%#
##### #.#..........#
#.+..........#
###..........# #..........#
#....@..<..# ####O#.#'#.#
...#.#.#.# #####.#.#.#
#..[#.# #####.# ..# ###


You could see an ogre.

Vanquished Creatures
  2 adders (D:2)
  A worm (D:3)
  2 dart slugs
  3 orcs (D:3)
  4 endoplasms (D:1)
  2 giant cockroaches (D:3)
  4 goblins
  5 hobgoblins
  4 jackals (D:1)
  6 kobolds
  4 quokkas
  4 ball pythons
  5 bats
  A frilled lizard (D:1)
  6 rats
53 creatures vanquished.

Notes
Turn   | Place    | Note
-------+----------+-------------------------------------------
     0 | D:1      | qw the Ghoul Fire Elementalist began the quest for the Orb.
     0 | D:1      | Reached XP level 1. HP: 14/14 MP: 2/2
     0 | D:1      | 0 ||| qw: Version: 0.1-a-90-g952f4b7
     0 | D:1      | 0 ||| qw: Game counter: 3804
     0 | D:1      | 0 ||| qw: Always use a shield: true
     0 | D:1      | 0 ||| qw: God list: Okawaru
     0 | D:1      | 0 ||| qw: Allow faded altars: false
     0 | D:1      | 0 ||| qw: Do Orc after D:15 true
     0 | D:1      | 0 ||| qw: Do second Lair branch before Depths: true
     0 | D:1      | 0 ||| qw: Lair rune preference: random
     0 | D:1      | 0 ||| qw: Plans: Normal
     0 | D:1      | 0 ||| PLANNING D:1-11
   130 | D:1      | 130 ||| Stepping ~*~*~tactically~*~*~ (stealth).
   151 | D:1      | Reached skill level 1 in Unarmed Combat
   263 | D:1      | 263 ||| Stepping ~*~*~tactically~*~*~ (stealth).
   292 | D:1      | Reached XP level 2. HP: 11/22 MP: 3/3
   461 | D:1      | Found a faded altar of an unknown god.
   553 | D:1      | Reached skill level 1 in Fighting
   725 | D:1      | 725 ||| Stepping ~*~*~tactically~*~*~ (stealth).
   727 | D:1      | 727 ||| Stepping ~*~*~tactically~*~*~ (stealth).
   753 | D:1      | Reached skill level 2 in Unarmed Combat
   759 | D:1      | 759 ||| Stepping ~*~*~tactically~*~*~ (stealth).
   767 | D:1      | 767 ||| Stepping ~*~*~tactically~*~*~ (stealth).
   778 | D:1      | 778 ||| Stepping ~*~*~tactically~*~*~ (stealth).
   780 | D:1      | 780 ||| UPGRADING to +0 chain mail.
   795 | D:1      | 795 ||| DROPPING +0 robe.
   912 | D:1      | Reached XP level 3. HP: 28/28 MP: 4/4
  1278 | D:1      | 1278 ||| DROPPING amulet of faith.
  1279 | D:1      | 1279 ||| READING 2 scrolls labelled JAP PEESCHA.
  1380 | D:1      | 1380 ||| READING scroll labelled LABBER CESIXKE.
  1381 | D:1      | 1381 ||| READING scroll labelled HIX ALOLAP.
  1382 | D:1      | 1382 ||| READING scroll labelled VYIXZO MUTEINO.
  1383 | D:1      | 1383 ||| READING scroll labelled DUMNYG COMOJ.
  1384 | D:1      | 1384 ||| READING scroll labelled TYNKIS QOALAR.
  1389 | D:1      | 1389 ||| READING scroll labelled JAEMIY YNOERCH.
  1390 | D:1      | 1390 ||| DRINKING 2 silvery potions.
  1391 | D:1      | 1391 ||| DROPPING potion of brilliance.
  1392 | D:1      | 1392 ||| DROPPING potion of magic.
  1393 | D:1      | 1393 ||| DROPPING scroll of silence.
  1591 | D:2      | Reached skill level 3 in Unarmed Combat
  2248 | D:2      | 2248 ||| DROPPING ring of flight.
  2249 | D:2      | 2249 ||| READING 2 scrolls labelled SIXZICWOENIU.
  2249 | D:2      | Identified 2 scrolls of acquirement
  2249 | D:2      | 2249 ||| ACQUIRING +1 helmet of the Dwarven Hall {Will+
                  | Int+4 Dex+3 Slay-2}
  2249 | D:2      | Acquired the +1 helmet of the Dwarven Hall {Will+ Int+4
                  | Dex+3 Slay-2}
  2251 | D:2      | 2251 ||| UPGRADING to +1 helmet of the Dwarven Hall {Will+
                  | Int+4 Dex+3 Slay-2}.
  2256 | D:2      | 2256 ||| READING scroll of acquirement.
  2256 | D:2      | 2256 ||| ACQUIRING +1 helmet of see invisible
  2256 | D:2      | Acquired a +1 helmet of see invisible
  2258 | D:2      | 2258 ||| UPGRADING to +1 helmet of see invisible.
  2268 | D:2      | 2268 ||| DRINKING 4 blue potions.
  2305 | D:3      | 2305 ||| Stepping ~*~*~tactically~*~*~ (stealth).
  2313 | D:3      | Reached XP level 4. HP: 35/35 MP: 5/5
  2416 | D:3      | 2416 ||| Stepping ~*~*~tactically~*~*~ (stealth).
  2420 | D:3      | 2420 ||| Stepping ~*~*~tactically~*~*~ (stealth).
  2421 | D:3      | 2421 ||| Stepping ~*~*~tactically~*~*~ (stealth).
  2423 | D:3      | 2423 ||| Stepping ~*~*~tactically~*~*~ (outnumbered).
  2424 | D:3      | 2424 ||| Stepping ~*~*~tactically~*~*~ (outnumbered).
  2425 | D:3      | 2425 ||| Stepping ~*~*~tactically~*~*~ (outnumbered).
  2426 | D:3      | 2426 ||| Stepping ~*~*~tactically~*~*~ (outnumbered).
  2427 | D:3      | 2427 ||| Stepping ~*~*~tactically~*~*~ (outnumbered).
  2428 | D:3      | 2428 ||| Stepping ~*~*~tactically~*~*~ (outnumbered).
  2429 | D:3      | 2429 ||| Stepping ~*~*~tactically~*~*~ (outnumbered).
  2430 | D:3      | 2430 ||| Stepping ~*~*~tactically~*~*~ (outnumbered).
  2431 | D:3      | 2431 ||| Stepping ~*~*~tactically~*~*~ (outnumbered).
  2440 | D:3      | Reached skill level 1 in Armour
  2948 | D:3      | Noticed an ogre
  2952 | D:3      | HP: 7/35 [ogre/+0 giant spiked club (12)]
  2953 | D:3      | 2953 ||| DRINKING 3 potions of heal wounds.
  2954 | D:3      | HP: 2/35 [ogre/+0 giant spiked club (30)]
  2955 | D:3      | 2955 ||| DRINKING 2 potions of heal wounds.
  2955 | D:3      | Mangled by an ogre

Levels and vault maps discovered:
D:1:      lemuel_arrival_muddy, layout_loops_ring,
          hellmonk_ecumenical_altar_pennies_from_heaven, minmay_strange_pillars
D:2:      layout_basic
D:3:      layout_basic, fedhas_altar_4

Skill      XL: |  1  2  3  4 |
---------------+-------------+-----
Unarmed Combat | 1 2 3 |  3.8
Fighting       | 1 |  1.0
Armour         | 1 |  1.0
Dodging        | |  1.7
Stealth        | |  2.1
Spellcasting   | |  1.7
Conjurations   | |  0.7
Fire Magic     | |  2.4

Action                   |  1- 3 |  4- 6 || total
-------------------------+-------+-------++-------
Melee: Unarmed           |   155 |    75 ||   230
       Punch             |     5 |       ||     5
  Use: Scroll            |     9 |       ||     9
       Potion            |     2 |     2 ||     4
Armor: Robe              |     5 |       ||     5
       Chain mail        |    57 |    32 ||    89
Dodge: Dodged            |    70 |    16 ||    86

Table legend:
 A = Non-vault XP
 B = Vault XP
 C = Vault XP percentage of total XP
 D = Non-vault monster count
 E = Vault monster count
 F = Vault count percentage of total count
                 A         B        C        D         E       F
            +---------+---------+-------+---------+---------+-------
      Total |     123 |       0 |   0.0 |      53 |       0 |   0.0
            +---------+---------+-------+---------+---------+-------
        D:1 |      38 |       0 |   0.0 |      23 |       0 |   0.0
        D:2 |      41 |       0 |   0.0 |      10 |       0 |   0.0
        D:3 |      44 |       0 |   0.0 |      20 |       0 |   0.0
            +---------+---------+-------+---------+---------+-------
